 Dungeon Crawl Stone Soup version 0.25.0-11-g1f837a76a1 (webtiles) character file.

Game seed: 2059946758398204699

399 Flugkiller the Grave Robber (level 6, 0/73 HPs)
             Began as a Deep Dwarf Necromancer on June 26, 2020.
             Slain by a two-headed ogre
             ... wielding a cursed +0 giant club
              (7 damage)
             ... on level 5 of the Dungeon.
             The game lasted 00:05:59 (2778 turns).

Flugkiller the Grave Robber (DDNe)                  Turns: 2778, Time: 00:05:59

Health: 0/73       AC: 23    Str: 11    XL:     6   Next: 53%
Magic:  1/12       EV:  2    Int: 16    God:
Gold:   141        SH:  0    Dex: 15    Spells: 9/14 levels left

rFire    . . .     SeeInvis .   (no weapon)
rCold    . . .     Gourm    .   (no shield)
rNeg     + + +     Faith    .   (armour currently unavailable)
rPois    +         Spirit   .   (helmet currently unavailable)
rElec    .         Reflect  .   (cloak currently unavailable)
rCorr    .         Harm     .   (gloves currently unavailable)
MR       .....     NoTele   +   (boots currently unavailable)
Stlth    ++........             (no amulet)
HPRegen  0.00/turn              (no ring)
MPRegen  0.13/turn              (no ring)

@: tree-form (expiring), non-regenerating
A: damage resistance, heal wounds, sense surroundings 1, no regeneration
a: Heal Wounds


You were on level 5 of the Dungeon.
You were very hungry.
You were a tree.
You visited 1 branch of the dungeon, and saw 5 of its levels.

You collected 141 gold pieces.

Inventory:

Hand Weapons
 l - a +0 war axe
   (You found it on level 3 of the Dungeon)
 n - a +0 dagger
   (You found it on level 3 of the Dungeon)
Missiles
 f - 7 silver boomerangs (quivered)
Armour
 a - a +0 robe (melded)
 e - a +0 cloak
   (You found it on level 1 of the Dungeon)
 o - the +4 cloak of Lesha (melded) {rPois Str-3 Int+5}
   (You found it on level 4 of the Dungeon)

   It affects your strength (-3).
   It affects your intelligence (+5).
   It protects you from poison.
Scrolls
 g - a scroll of enchant armour {unknown}
 h - a scroll of fog {unknown}
 p - 2 scrolls of teleportation
 r - a scroll of immolation
Potions
 d - 4 potions of curing
 i - a potion of resistance {unknown}
 j - a potion of lignification
 k - 2 potions of brilliance
 m - a potion of flight {unknown}
 q - a potion of invisibility {unknown}
 s - a potion of stabbing {unknown}
Comestibles
 c - 5 rations


   Skills:
 - Level 2.1 Dodging
 - Level 2.4 Stealth
 * Level 4.9 Spellcasting
 + Level 6.1 Necromancy


You had 9 spell levels left.
You knew the following spells:

 Your Spells              Type           Power        Failure   Level  Hunger
a - Pain                  Necr           ###.         1%          1    None
b - Animate Skeleton      Necr           N/A          1%          1    None
c - Vampiric Draining     Necr           ###.......   3%          3    ###....

Your spell library contained the following spells:

 Spells                   Type           Power        Failure   Level  Hunger
 Animate Dead             Necr           N/A          12%         4    ####...
 Agony                    Necr           ###.....     34%         5    ######.


Dungeon Overview and Level Annotations

Branches:
Dungeon (5/15)
 Temple: D:4-7

Altars:
Hepliaklqana
Makhleb
Nemelex Xobeh
Trog
Yredelemnul

Annotations:
D:4 1 runed translucent door, Esekla's ghost, amateur DDCK


Innate Abilities, Weirdness & Mutations

You are resistant to damage.
You can heal yourself by infusing magical energy.
You passively map a small area around you.
You do not regenerate.


Message History

Aim: a two-headed ogre, wielding a +0 giant club and a +0 giant spiked club (moderately wounded)
The two-headed ogre is heavily wounded.
You feel life coursing into your body. The two-headed ogre barely misses you.
The two-headed ogre hits you with a +0 giant spiked club!
* * * LOW HITPOINT WARNING * * *
You hit the two-headed ogre but do no damage.
The two-headed ogre is heavily wounded.
Unknown command.
You completely miss the two-headed ogre.
The two-headed ogre is heavily wounded.
The two-headed ogre hits you but does no damage. x2
Unknown command.
You hit the two-headed ogre.
The two-headed ogre is heavily wounded.
The sky beast flickers out of sight!
Deactivating autopickup; reactivate with Ctrl-A.
The two-headed ogre hits you with a cursed +0 giant club!
* * * LOW HITPOINT WARNING * * *
The two-headed ogre hits you with a +0 giant spiked club!
* * * LOW HITPOINT WARNING * * *
Casting: Vampiric Draining (dangerous; 3% risk of failure)
Confirm with . or Enter, or press ? or * to list all spells.
Aiming: Vampiric Draining (dangerous; 3% risk of failure)
Press: ? - help, Shift-Dir - straight line, f/p - two-headed ogre
Aim: a two-headed ogre, wielding a +0 giant club and a +0 giant spiked club (heavily wounded)
The two-headed ogre is heavily wounded.
You feel life coursing into your body.
A sky beast appears from thin air!
Reactivating autopickup.
Casting: Vampiric Draining (dangerous; 3% risk of failure)
Confirm with . or Enter, or press ? or * to list all spells.
Aiming: Vampiric Draining (dangerous; 3% risk of failure)
Press: ? - help, Shift-Dir - straight line, f/p - two-headed ogre
Aim: a two-headed ogre, wielding a +0 giant club and a +0 giant spiked club (heavily wounded)
The two-headed ogre is severely wounded.
You feel life coursing into your body.
The two-headed ogre hits you with a cursed +0 giant club!
* * * LOW HITPOINT WARNING * * *
The two-headed ogre hits you but does no damage.
You feel much better.
Your transformation is almost over.
The two-headed ogre hits you with a cursed +0 giant club!
* * * LOW HITPOINT WARNING * * *
The two-headed ogre hits you with a +0 giant spiked club.
* * * LOW HITPOINT WARNING * * *
You smack the two-headed ogre!
The two-headed ogre is almost dead.
The two-headed ogre hits you with a cursed +0 giant club!
* * * LOW HITPOINT WARNING * * *
The two-headed ogre hits you with a +0 giant spiked club!
You die...

#.##⌠.⌠###.....####.#####
##...#........$.. #.....#
...#.#†#########.# #..##.#
##.#.#_# #.###..##.#
<..#.#.# #......##.#
####.#.##############.##.#
#* #$#.....†..........##.#
...#.###################.#
..............YO♣.......>#
##.#####.#################
Y.. * #.# ## #.# , #.# ,
#.# , #.# , #.# #.#


You could see a two-headed ogre and a sky beast.

Vanquished Creatures
  An orc warrior (D:4)
  A sky beast (D:5)
  2 hounds
  An orc wizard (D:4)
  A worker ant (D:5)
  2 gnolls (D:4)
  4 adders
  A worm (D:3)
  3 dart slugs
  8 orcs
  A ball python (D:2)
  5 bats (D:1)
  4 giant cockroaches
  2 goblins (D:3)
  3 hobgoblins
  4 jackals (D:3)
  A quokka (D:4)
  3 frilled lizards
  7 kobolds
  A quokka skeleton (D:5)
  A quokka zombie (D:5)
  3 rats (D:1)
59 creatures vanquished.

Vanquished Creatures (collateral kills)
  An orc (D:4)
  A jackal skeleton (D:4)
  A leopard gecko skeleton (D:4)
3 creatures vanquished.

Grand Total: 62 creatures vanquished

Notes
Turn   | Place    | Note
-------+----------+-------------------------------------------
     0 | D:1      | Flugkiller the Deep Dwarf Necromancer began the quest for
                  | the Orb.
     0 | D:1      | Reached XP level 1. HP: 15/15 MP: 3/3
   275 | D:1      | Reached XP level 2. HP: 20/22 MP: 3/5
   361 | D:1      | Learned a level 1 spell: Animate Skeleton
   757 | D:2      | Reached XP level 3. HP: 24/28 MP: 4/7
   886 | D:2      | Learned a level 3 spell: Vampiric Draining
  1445 | D:3      | Found a bloodstained altar of Trog.
  1447 | D:3      | Reached skill level 5 in Necromancy
  1574 | D:4      | Found a burning altar of Makhleb.
  1574 | D:4      | Noticed a phantom
  1595 | D:3      | Reached XP level 4. HP: 15/36 MP: 2/9
  1727 | D:4      | Found a basalt altar of Yredelemnul.
  1883 | D:4      | Got a dazzling cloak
  1894 | D:4      | Identified the +4 cloak of Lesha {rPois Str-3 Int+5} (You
                  | found it on level 4 of the Dungeon)
  2098 | D:4      | Found a runed translucent door.
  2103 | D:4      | Noticed a bullfrog
  2104 | D:4      | Noticed Esekla's ghost (amateur DDCK)
  2156 | D:4      | Reached XP level 5. HP: 23/42 MP: 3/10
  2283 | D:4      | Noticed an orc warrior
  2463 | D:4      | HP: 1/42 [orc warrior/+0 dire flail (16)]
  2471 | D:4      | Killed an orc warrior
  2471 | D:4      | Reached XP level 6. HP: 17/49 MP: 0/11
  2512 | D:5      | Entered Level 5 of the Dungeon
  2512 | D:5      | Noticed a sky beast
  2515 | D:5      | Found a sparkling altar of Nemelex Xobeh.
  2518 | D:5      | Found a hazy altar of Hepliaklqana.
  2644 | D:5      | Noticed a sky beast
  2671 | D:5      | Killed a sky beast
  2671 | D:5      | Reached skill level 6 in Necromancy
  2754 | D:5      | Noticed a two-headed ogre
  2778 | D:5      | Slain by a two-headed ogre

Illustrated notes

Levels and vault maps discovered:
D:1:      minmay_arrival_cross, layout_basic, serial_corexii_hall,
          chequers_hall_statues_y, chequers_hall_statues_y,
          corexii_hall_statues_u, corexii_hall_statues_deadend,
          corexii_hall_statues_s, chequers_hall_statues_wall_a,
          kennysheep_minor_cross
D:2:      layout_basic, lemuel_round_altar
D:3:      layout_loops_cross, bloody_trog
D:4:      layout_cave_pools, lemuel_crystal_altar, ebering_ghost_sewer_f,
          makhleb_heckhound_becter
D:5:      layout_basic, lemuel_round_altar, grunt_gozag_breadcrumbs,
          nemelex_xobeh_ov_fountains_minmay, overflow_temple_1_default,
          first_ration, grunt_dithmenos_smoke

Skill      XL: |  1  2  3  4  5  6 |
---------------+-------------------+-----
Spellcasting   | 2 3 4 |  4.9
Necromancy     | 5 6 |  6.1
Dodging        | |  2.1
Stealth        | |  2.4

Action                   |  1- 3 |  4- 6 || total
-------------------------+-------+-------++-------
Melee: Unarmed           |    24 |     4 ||    28
       Dagger            |     6 |    58 ||    64
Throw: Boomerang         |       |     1 ||     1
 Cast: Pain              |    67 |    11 ||    78
       Vampiric Draining |     2 |    23 ||    25
       Animate Skeleton  |     1 |     8 ||     9
 Abil: Heal Wounds       |       |     2 ||     2
  Use: Scroll            |     3 |     6 ||     9
       Potion            |       |     1 ||     1
 Stab: Sleeping          |       |     2 ||     2
       Distracted        |       |     1 ||     1
  Eat: Chunk             |     3 |     4 ||     7
Armor: Robe              |     9 |    18 ||    27
       Skin              |       |     4 ||     4
Dodge: Dodged            |    29 |    45 ||    74
